 Dungeon Crawl Stone Soup version 0.29-a0-271-gd4eb659eea (webtiles) character file.

Game seed: 6552828174274074220

180 n8rtot the Digger (level 5, -4/28 HPs)
             Began as a Gargoyle Earth Elementalist on Mar 8, 2022.
             Frozen to death by an endoplasm (5 damage)
             ... on level 3 of the Dungeon.
             The game lasted 00:08:32 (2674 turns).

n8rtot the Digger (Gargoyle Earth Elementalist)     Turns: 2674, Time: 00:08:33

Health: -4/28      AC:  9    Str: 11    XL:     5   Next: 60%
Magic:  9/10       EV: 12    Int: 18    God:
Gold:   150        SH:  0    Dex: 10    Spells: 9/10 levels left

rFire   . . .      SeeInvis .   a - +2 whip (venom)
rCold   . . .      Faith    .   (no shield)
rNeg    + . .      Spirit   .   b - +0 robe
rPois   ∞          Reflect  .   (no helmet)
rElec   +          Harm     .   (no cloak)
rCorr   .          Rampage  .   d - +2 pair of gloves
Will    .....                   (no boots)
Stlth   ++........              (no amulet)
HPRegen 0.09/turn               (no ring)
MPRegen 0.12/turn               (no ring)

@: no status effects
A: sickness immunity, AC +4, negative energy resistance 1, electricity
resistance, torment resistance 1, petrification resistance
a: no special abilities


You were on level 3 of the Dungeon.
You visited 1 branch of the dungeon, and saw 3 of its levels.

You collected 150 gold pieces.

Inventory:

Hand Weapons
 a - a +2 whip of venom (weapon)
Missiles
 q - 6 boomerangs
Armour
 b - a +0 robe (worn)
 d - a +2 pair of gloves (worn)
Wands
 o - a wand of iceblast (5)
Scrolls
 e - 5 scrolls of identify
 f - a scroll of immolation
 g - a scroll of brand weapon {unknown}
 i - a scroll of amnesia {unknown}
 j - 2 scrolls of blinking {unknown}
 l - a scroll of fear {unknown}
 m - 2 scrolls of holy word {unknown}
 p - a scroll of fog {unknown}
Potions
 c - a potion of magic
 h - 4 potions of flight {unknown}
 k - a potion of heal wounds {unknown}
 n - a potion of mutation {unknown}
 r - a potion of cancellation {unknown}


   Skills:
 + Level 0.3 Fighting
 + Level 0.5 Maces & Flails
 + Level 1.9 Dodging
 + Level 2.7 Stealth
 + Level 0.3 Unarmed Combat
 + Level 3.4 Spellcasting
 + Level 0.7 Transmutations
 + Level 5.4 Earth Magic
 + Level 0.1 Evocations


You had 9 spell levels left.
You knew the following spells:

 Your Spells              Type           Power      Damage    Failure   Level
a - Sandblast             Erth           44%        2d11      1%          1

Your spell library contained the following spells:

 Spells                   Type           Power      Damage    Failure   Level
 Passwall                 Tmut/Erth      11%        N/A       7%          2
 Shock                    Conj/Air       12%        1d3       16%         1
 Slow                     Hex            12%        N/A       16%         1
 Stone Arrow              Conj/Erth      24%        3d8       16%         3
 Petrify                  Tmut/Erth      14%        N/A       41%         4
 Summon Mana Viper        Hex/Summ       3%         N/A       99%         5
 Orb of Destruction       Conj           1%         9d5       100%        7


Dungeon Overview and Level Annotations

Branches:
Dungeon (3/15)

Altars:

Shops:
D:1 *   D:3 (([


Innate Abilities, Weirdness & Mutations

You are immune to sickness and miasma.
Your stone body is resilient. (AC +4)
You are immune to poison.
You resist negative energy. (rN+)
You are resistant to electric shocks. (rElec)
You are resistant to unholy torment.
You are immune to petrification.


Message History

You whack the necrophage!
The necrophage is moderately damaged.
The endoplasm quivers.
The necrophage hits you.
You hit the necrophage.
The necrophage is heavily damaged.
The necrophage completely misses you.
You barely miss the necrophage.
The necrophage is heavily damaged.
The necrophage closely misses you. x2
You barely miss the necrophage.
The necrophage is heavily damaged.
The necrophage hits you.
You hit the necrophage.
The necrophage is heavily damaged.
The necrophage hits you.
* * * LOW HITPOINT WARNING * * *
You hit the necrophage.
The necrophage is severely damaged.
The necrophage hits you but does no damage.
You barely miss the necrophage.
The necrophage is severely damaged.
The necrophage hits you but does no damage.
You hit the necrophage.
The necrophage is almost destroyed.
The necrophage closely misses you.
You closely miss the necrophage.
The necrophage is almost destroyed.
The necrophage hits you.
* * * LOW HITPOINT WARNING * * *
You hit the necrophage.
You destroy the necrophage!
The endoplasm attacks as you move away! The endoplasm hits you.
* * * LOW HITPOINT WARNING * * *
The endoplasm attacks as you move away! The endoplasm barely misses you.
You hit the endoplasm.
The endoplasm is heavily wounded.
The endoplasm freezes you.
You are frozen.
You die...

..#....................
.#
#......................
#.#
#.....................
#.#
#...............#....
#:#
#.......†.......#....
#(#
#...............#....
#.##...........#####....
#.#...........# #....
#†..J@.......# #....
#..######.###.# #....
....## #.# #.# #....
##.#. #.# #.# ##### #...
#.# #.# ###. ..# ## ##


You could see an endoplasm.

Vanquished Creatures
  A necrophage (D:3)
  A hound (D:3)
  4 gnolls (D:3)
  2 adders
  A worm (D:2)
  4 ball pythons
  An endoplasm (D:1)
  2 giant cockroaches
  2 goblins
  3 hobgoblins
  3 jackals (D:1)
  3 kobolds
  A quokka (D:1)
  3 bats
  4 frilled lizards
  A rat (D:2)
36 creatures vanquished.

Vanquished Creatures (others)
  A plant (D:1)
1 creature vanquished.

Grand Total: 37 creatures vanquished

Notes
Turn   | Place    | Note
-------+----------+-------------------------------------------
     0 | D:1      | n8rtot the Gargoyle Earth Elementalist began the quest for
                  | the Orb.
     0 | D:1      | Reached XP level 1. HP: 10/10 MP: 3/3
   214 | D:1      | Reached XP level 2. HP: 15/15 MP: 3/5
   266 | D:1      | Found Xamez's Assorted Antiques.
   308 | D:1      | Reached skill level 4 in Earth Magic
  1051 | D:2      | Reached XP level 3. HP: 19/19 MP: 1/6
  1579 | D:2      | Found a faded altar of an unknown god.
  2005 | D:3      | Found Himyodeh's Weapon Boutique.
  2043 | D:3      | Found Kaup's Antique Weapon Shop.
  2055 | D:3      | Reached skill level 5 in Earth Magic
  2055 | D:3      | Reached XP level 4. HP: 2/24 MP: 6/8
  2475 | D:3      | Reached XP level 5. HP: 24/28 MP: 9/9
  2589 | D:3      | Found Eritte's Armour Boutique.
  2648 | D:3      | Got Siopaisid's Papyrus of Confrontation and the Oath
  2671 | D:3      | HP: 1/28 [endoplasm (1)]
  2674 | D:3      | Frozen to death by an endoplasm

Illustrated notes

Levels and vault maps discovered:
D:1:      psy_arrival_fountain, layout_loops_corners, serial_shops,
          shop_fountains, hex_large
D:2:      layout_basic, nicolae_ecumenical_lake_church
D:3:      layout_basic, serial_shops, shop, shop, nicolae_lakefront_shop, shop,
          minmay_circle_x

Skill      XL: |  1  2  3 |
---------------+----------+-----
Earth Magic    | 4 5 |  5.4
Spellcasting   | 3 |  3.4
Fighting       | |  0.3
Maces & Flails | |  0.5
Dodging        | |  1.9
Stealth        | |  2.7
Unarmed Combat | |  0.3
Transmutations | |  0.7
Evocations     | |  0.1

Action                   |  1- 3 |  4- 6 || total
-------------------------+-------+-------++-------
Melee: Unarmed           |    14 |     6 ||    20
       Whip              |       |    23 ||    23
       Punch             |       |     1 ||     1
 Cast: Sandblast         |    33 |       ||    33
Evoke: Wand              |     2 |     1 ||     3
  Use: Scroll            |       |     1 ||     1
Armor: Robe              |     7 |     8 ||    15
Dodge: Dodged            |    19 |    19 ||    38

Table legend: (Time is in decaauts)
 A = Elapsed time spent in this place.
 B = Non-inter-level travel time spent in this place.
 C = Inter-level travel time spent in this place.
 D = Time resting spent in this place.
 E = Time spent auto-exploring this place.
 F = Levels seen in this place.
 G = Mean time per level.
                   A        B        C        D        E       F      G
               +--------+--------+--------+--------+--------+-----+--------+
         Total |   2675 |   2675 |      0 |    369 |   1848 |   3 |  891.7 |
       Dungeon |   2675 |   2675 |      0 |    369 |   1848 |   3 |  891.7 |
               +--------+--------+--------+--------+--------+-----+--------+

Top non-repeatable levels by time:
     D:1: 1029 daAuts
     D:2: 943 daAuts
     D:3: 702 daAuts
